 Dungeon Sprint DCSS version 0.23-a0-183-gf37f6fb (webtiles) character file.

91799908 Kidiri the Conqueror (level 23, 252/252 HPs)
             Began as a Minotaur Fighter on Sept 22, 2018.
             Was the Champion of the Shining One.
             Escaped with the Orb
             ... and 17 runes!
             The game lasted 01:06:59 (19938 turns).

Kidiri the Conqueror (Minotaur Fighter)            Turns: 19938, Time: 01:07:00

Health: 252/252    AC: 40    Str: 28    XL:     23   Next: 31%
Magic:  43/43      EV: 26    Int:  5    God:    the Shining One [******]
Gold:   975        SH: 30    Dex: 23    Spells: 70/74 levels left

rFire    + + +     SeeInvis .   D - +9 eudemon blade (holy)
rCold    + + .     Gourm    .   c - +2 large shield
rNeg     + + +     Faith    +   j - +2 gold dragon scales
rPois    +         Spirit   +   y - +2 hat
rElec    +         Reflect  .   C - scarf {Spirit}
rCorr    .         Harm     .   V - +1 pair of gloves {Dex+3}
MR       ++...     Clarity  +   S - +2 pair of boots {run} Stlth +.........NoTele +
                                N - amulet "Ychinod" {Faith rPois rF+++ MP-9 Dex+7}
HPRegen  0.52/turn              M - ring of Fedhas's Esteem {rPois rF+ rN+}
MPRegen  0.28/turn              w - ring "Keuzis" {rElec rC+ MR+ Stlth+}

@: glowing, quick
A: retaliatory headbutt, horns 2, rugged brown scales 2, clarity, mutation
resistance 1, MP-powered wands
0: Orb of Zot
}: 17/17 runes: decaying, serpentine, barnacled, slimy, elven, silver, golden,
iron, obsidian, icy, bone, abyssal, glowing, magical, fiery, dark, gossamer
a: Divine Shield, Cleansing Flame, Summon Divine Warrior, Renounce Religion


You escaped.
You worshipped the Shining One.
The Shining One was exalted by your worship.
You were near starving.

You visited 1 branch You collected 1962 gold pieces.
You spent 987 gold pieces at shops.

Inventory:

Hand Weapons
 D - a +9 eudemon blade of holy wrath (weapon)
 K - a +9 falchion of flaming
Missiles
 b - 2 steel javelins
 v - 10 silver javelins
 E - 16 poisoned javelins
 I - 4 throwing nets
 J - 32 javelins of returning
 U - 12 javelins
 W - 7 javelins of penetration (quivered)
Armour
 c - a +2 large shield (worn)
 j - +2 gold dragon scales (worn)
 y - a +2 hat (worn)
 C - a scarf of spirit shield (worn)
 S - a +2 pair of boots of running (worn)
 V - a +1 pair of gloves of dexterity (worn)
Jewellery
 q - an uncursed ring of protection from cold
 s - a +2 ring of protection
 w - the ring "Keuzis" (right hand) {rElec rC+ MR+ Stlth+}
   (You found it in the Dungeon)

   [ring of protection from cold]

   It protects you from cold.
   It insulates you from electricity.
   It affects your resistance to hostile enchantments.
   It makes you more stealthy.
 L - the ring of Reboasu {rElec rN+ MP+9 Dex+3}
   (You found it in the Dungeon)

   [ring of dexterity]

   It affects your dexterity (+3).
   It insulates you from electricity.
   It protects you from negative energy.
   It affects your magic capacity (+9).
 M - the ring of Fedhas's Esteem (left hand) {rPois rF+ rN+}
   (You found it in the Dungeon)

   [ring of protection from fire]

   It protects you from fire.
   It protects you from poison.
   It protects you from negative energy.
 N - the amulet "Ychinod" (around neck) {Faith rPois rF+++ MP-9 Dex+7}
   (You found it in the Dungeon)

   [amulet of faith]

   It allows you to gain divine favour quickly.
   It affects your dexterity (+7).
   It renders you almost immune to fire.
   It protects you from poison.
   It affects your magic capacity (-9).
 O - a +2 ring of slaying
 P - a +6 ring of strength
 T - the ring of Acsahogg {-Tele *Corrode EV+3 SInv Stlth+}
   (You found it in the Dungeon)

   [ring of evasion]

   It affects your evasion (+3).
   It lets you see invisible.
   It prevents most forms of teleportation.
   It may corrode you when you take damage.
   It makes you more stealthy.
Wands
 d - a wand of iceblast (4)
 p - a wand of acid (10)
 z - a wand of disintegration (15)
Scrolls
 n - 7 scrolls of remove curse
 o - 2 scrolls of amnesia
 t - 4 scrolls of fear
 x - 4 scrolls of identify
Potions
 e - 2 potions of curing
 h - a potion of haste
 i - 4 potions of magic
 m - a potion of invisibility
 F - a potion of resistance
 R - a potion of brilliance
 Z - a potion of flight


   Skills:
 O Level 27 Fighting
 O Level 27 Long Blades
 O Level 27 Throwing
 O Level 27 Armour
 O Level 27 Dodging
 O Level 27 Stealth
 O Level 27 Shields
 * Level 26.0 Spellcasting
 + Level 18.4 Conjurations
 + Level 18.4 Ice Magic
 - Level 25.3 Invocations
 O Level 27 Evocations


You had 70 spell levels left.
You knew the following spells:

 Your Spells              Type           Power        Failure   Level  Hunger
a - Throw Icicle          Conj/Ice       ####....     1%          4    ###....

Your spell library contained the following spells:

 Spells                   Type           Power        Failure   Level  Hunger
 Bolt of Draining         Conj/Necr      ###.......   13%         5    #####..
 Sublimation of Blood     Necr           #.........   32%         2    None
 Dispel Undead            Necr           #.......     99%         5    #####..


Dungeon Overview and Level Annotations

Branches:
Dungeon (1/1)

Altars:
Cheibriados
Dithmenos
Elyvilon
Fedhas
Gozag
Hepliaklqana
Kikubaaqudgha
Makhleb
Nemelex Xobeh
Okawaru
Qazlal
Ru
Sif Muna
Trog
Uskayaw
Vehumet
Wu Jian
Xom
Yredelemnul
Zin
The Shining One
Beogh
Jiyva
Lugonu

Shops:
D [[!*


Innate Abilities, Weirdness & Mutations

You reflexively headbutt those who attack you in melee.
You have a pair of horns on your head.
You are mostly covered in rugged brown scales. (AC +2, +5% HP)
You possess an exceptional clarity of mind.
You are somewhat resistant to further mutation.
You expend magic power (3 MP) to strengthen your wands.


Message History

There is an open door to the Temple here.
A ynoxinul comes into view.
The ynoxinul bellows!
You block the ynoxinul's attack.
You slice the ynoxinul!!
The ynoxinul convulses!
The ynoxinul is almost dead.
The ynoxinul gestures at you. You block the iron shot.
You slash the ynoxinul!
You kill the ynoxinul!
The Shining One accepts your kill.
There is an open door, spattered with blood here.
Things that are here:
a giant club; a dagger; a robe
(D) Dungeon
Where to? (Enter - D @ (x,y), ? - help)
There is an open door to the Dungeon here.
You see here a dagger.
There is a staircase leading out of the dungeon here.
You have escaped!

▓▓▓▓▓▓▓▓▓▓▓▓▓▓▓▓▓▓
'.....).....)...@▓
▓▓▓▓▓▓▓▓▓▓▓▓▓▓▓▓▓▓
.................▓
▓▓▓▓▓▓▓▓▓▓▓▓▓▓▓▓.▓
.(.!...).+§......▓
▓▓▓▓▓▓▓▓▓▓▓▓▓▓▓▓▓▓
.................▓
▓▓▓▓▓▓▓▓▓▓▓▓▓▓▓▓.▓
).)).............▓


There were no monsters in sight!

Vanquished Creatures
  Cerebov (D)
  Asmodeus (D)
  the Royal Jelly (D)
  Antaeus (D)
  Gloorx Vloq (D)
  Lom Lobon (D)
  Mnoleg (D)
  Dispater (D)
  5 orbs of fire (D)
  Mennas (D)
  6 ancient liches (D)
  Boris (D)
  4 greater mummies (D)
  Margery (D)
  7 pandemonium lords (D)
  Frederick (D)
  A caustic shrike (D)
  A golden dragon (D)
  Geryon (D)
  Jory (D)
  4 electric golems (D)
  2 Hell Sentinels (D)
  6 tentacled monstrosities (D)
  A lich (D)
  36 Orb Guardians (D)
  8 deep elf blademasters (D)
  2 quicksilver dragons (D)
  4 death cobs (D)
  An Executioner (D)
  4 deep elf master archers (D)
  5 titans (D)
  10 acid blobs (D)
  12 sphinxes (D)
  7 shadow dragons (D)
  4 storm dragons (D)
  A tengu reaver (D)
  4 azure jellies (D)
  6 nagarajas (D)
  Ilsuiw (D)
  2 draconian monks (D)
  2 deep elf sorcerers (D)
  4 ghost moths (D)
  3 fire giants (D)
  2 draconian knights (D)
  9 frost giants (D)
  A vault warden (D)
  An orc warlord (D)
  3 emperor scorpions (D)
  2 draconian shifters (D)
  A cacodemon (D)
  2 reapers (D)
  3 large abominations (D)
  2 very ugly things (D)
  2 draconian stormcallers (D)
  3 ironheart preservers (D)
  2 draconian annihilators (D)
  A blood saint (D)
  7 vampire knights (D)
  An entropy weaver (D)
  10 stone giants (D)
  A starcursed mass (D)
  A black draconian (D)
  3 green draconians (D)
  A minotaur (D)
  2 deep elf demonologists (D)
  4 lorocyprocas (D)
  A black sun (D)
  5 purple draconians (D)
  A white draconian (D)
  3 red draconians (D)
  3 yellow draconians (D)
  3 green deaths (D)
  2 spark wasps (D)
  An ettin (D)
  8 merfolk javelineers (D)
  2 mummy priests (D)
  6 merfolk impalers (D)
  3 fire dragons (D)
  11 death oozes (D)
  3 deep elf high priests (D)
  4 yaktaur captains (D)
  6 ice dragons (D)
  25 vault guards (D)
  5 ogre magi (D)
  A hell beast (D)
  A spriggan air mage (D)
  6 hydras (D)
  A great orb of eyes (D)
  A ghost crab (D)
  3 naga warriors (D)
  A catoblepas (D)
  A rakshasa (D)
  A centaur warrior (D)
  A merfolk avatar (D)
  3 anacondas (D)
  An alligator snapping turtle (D)
  2 merfolk aquamancers (D)
  A death knight (D)
  A deep troll earth mage (D)
  5 tengu warriors (D)
  4 death yaks (D)
  4 hell hogs (D)
  A vampire mage (D)
  5 hell knights (D)
  4 deep elf knights (D)
  6 sun demons (D)
  Nergalle (D)
  4 soul eaters (D)
  An iron troll (D)
  2 shock serpents (D)
  6 sixfirhies (D)
  A deep troll (D)
  A sea snake (D)
  A swamp dragon (shapeshifter) (D)
  A flayed ghost (D)
  7 swamp dragons (D)
  A gelid demonspawn (D)
  6 ironbrand convokers (D)
  3 glowing orange brains (D)
  An orc knight (D)
  3 deep elf archers (D)
  A harpy (D)
  3 wolf spiders (D)
  A deep elf mage (D)
  2 ugly things (D)
  2 orc sorcerers (D)
  3 necromancers (D)
  3 black mambas (D)
  A worldbinder (D)
  A merfolk siren (D)
  13 moths of wrath (D)
  8 rust devils (D)
  3 naga magi (D)
  A guardian serpent (D)
  3 spiny frogs (D)
  2 smoke demons (D)
  A water nymph (D)
  3 vault sentinels (D)
  6 orange demons (D)
  2 hellions (D)
  4 small abominations (D)
  A komodo dragon (shapeshifter) (D)
  3 yaktaurs (D)
  2 demonic crawlers (D)
  A komodo dragon (D)
  A kobold demonologist (D)
  7 ice devils (D)
  4 tormentors (D)
  2 hellwings (D)
  A red devil (D)
  5 jumping spiders (D)
  22 guardian mummies (D)
  A wandering mushroom (D)
  11 trolls (D)
  18 merfolk (D)
  A tyrant leech (D)
  A blink frog (D)
  A hornet (D)
  A slime creature (D)
  4 hippogriffs (D)
  A blink frog (shapeshifter) (D)
  A bog body (D)
  A snapping turtle (D)
  11 spriggans (D)
  5 ynoxinuls (D)
  A vampire (D)
  A redback (D)
  A basilisk (D)
  A tarantella (D)
  A wraith (D)
  Eustachio (D)
  7 chaos spawn (D)
  A neqoxec (D)
  7 yaks (D)
  3 golden eyes (D)
  2 vampire mosquitoes (D)
  9 nagas (D)
  An acid dragon (D)
  2 water moccasins (D)
  9 orc warriors (D)
  2 swamp drakes (D)
  A porcupine (D)
  2 floating eyes (D)
  A phantom (D)
  An ogre (D)
  A wolf (D)
  A centaur (D)
  2 crocodiles (D)
  3 bullfrogs (D)
  4 crimson imps (D)
  2 quasits (D)
  5 orc wizards (D)
  3 orc priests (D)
  An iguana (D)
  An adder (D)
  2 shadow imps (D)
  A white imp (D)
  An ufetubus (D)
  An adder skeleton (D)
  An adder zombie (D)
  10 orcs (D)
  A bat skeleton (D)
  2 goblins (D)
  A jackal (D)
  3 bats (D)
  A leopard gecko simulacrum (D)
  A quokka skeleton (D)
  2 fire vortices (D)
689 creatures vanquished.

Vanquished Creatures (collateral kills)
  Ereshkigal (D)
1 creature vanquished.

Vanquished Creatures (others)
  A pandemonium lord (D)
  A spiny frog (D)
  A tyrant leech (D)
3 creatures vanquished.

Grand Total: 693 creatures vanquished

Notes
Turn   | Place    | Note
-------+----------+-------------------------------------------
     0 | D        | Kidiri the Minotaur Fighter began the quest for the Orb.
     0 | D        | Reached XP level 1. HP: 19/19 MP: 0/0
    26 | D        | Noticed a crimson imp
    26 | D        | Noticed an ogre
    26 | D        | Noticed an orc wizard
    26 | D        | Noticed an orc priest
    30 | D        | Killed an orc priest
    30 | D        | Reached skill level 1 in Throwing
    30 | D        | Reached skill level 1 in Dodging
    30 | D        | Reached skill level 1 in Stealth
    30 | D        | Reached XP level 2. HP: 22/28 MP: 1/1
    30 | D        | Reached XP level 3. HP: 28/35 MP: 2/2
    45 | D        | Reached skill level 5 in Fighting
    45 | D        | Reached skill level 5 in Armour
    45 | D        | Reached skill level 5 in Shields
    49 | D        | Reached skill level 5 in Long Blades
    49 | D        | Reached XP level 4. HP: 18/44 MP: 3/3
    51 | D        | Killed an ogre
    51 | D        | Reached XP level 5. HP: 22/51 MP: 4/4
    65 | D        | Found a roughly hewn altar of Beogh.
    65 | D        | Found a snail-covered altar of Cheibriados.
    65 | D        | Found a shadowy altar of Dithmenos.
    65 | D        | Found a white marble altar of Elyvilon.
    65 | D        | Found a blossoming altar of Fedhas.
    65 | D        | Found an opulent altar of Gozag.
    66 | D        | Found a hazy altar of Hepliaklqana.
    67 | D        | Found a viscous altar of Jiyva.
    68 | D        | Found an ancient bone altar of Kikubaaqudgha.
    69 | D        | Found a corrupted altar of Lugonu.
    70 | D        | Found a burning altar of Makhleb.
    71 | D        | Found a sparkling altar of Nemelex Xobeh.
    72 | D        | Found an iron altar of Okawaru.
    73 | D        | Found a stormy altar of Qazlal.
    74 | D        | Found a sacrificial altar of Ru.
    75 | D        | Found a deep blue altar of Sif Muna.
    76 | D        | Found a bloodstained altar of Trog.
    77 | D        | Found a hide-covered altar of Uskayaw.
    78 | D        | Found a radiant altar of Vehumet.
    79 | D        | Found an ornate altar of the Wu Jian Council.
    80 | D        | Became a worshipper of Warmaster Okawaru
    81 | D        | Found a shimmering altar of Xom.
    82 | D        | Found a basalt altar of Yredelemnul.
    83 | D        | Found a glowing silver altar of Zin.
    84 | D        | Found a glowing golden altar of the Shining One.
   258 | D        | Noticed a hippogriff
   258 | D        | Noticed a phantom
   268 | D        | Killed a phantom
   268 | D        | Reached skill level 1 in Invocations
   268 | D        | Reached XP level 6. HP: 51/60 MP: 4/6
   280 | D        | Killed a hippogriff
   280 | D        | Reached * piety under Okawaru
   280 | D        | Reached XP level 7. HP: 41/69 MP: 5/7
   421 | D        | Noticed a yak
   421 | D        | Noticed a white ugly thing
   421 | D        | Noticed a kobold demonologist
   421 | D        | Noticed a vampire mosquito
   421 | D        | Noticed a troll
   433 | D        | Killed a troll
   433 | D        | Reached skill level 5 in Dodging
   449 | D        | Killed a white ugly thing
   449 | D        | Reached ** piety under Okawaru
   449 | D        | Reached skill level 5 in Throwing
   449 | D        | Reached XP level 8. HP: 66/79 MP: 9/9
   453 | D        | Reached *** piety under Okawaru
   453 | D        | Reached skill level 10 in Fighting
   453 | D        | Reached skill level 10 in Armour
   453 | D        | Reached skill level 10 in Shields
   461 | D        | Noticed an orange demon
   461 | D        | Killed a kobold demonologist
   461 | D        | Reached skill level 5 in Stealth
   463 | D        | Reached skill level 10 in Long Blades
   739 | D        | Gained mutation: You are robust. (+10% HP) [potion of
                  | mutation]
   739 | D        | Gained mutation: Your muscles are strong. (Str +2) [potion
                  | of mutation]
   770 | D        | Noticed a black mamba
   770 | D        | Noticed a hippogriff
   770 | D        | Noticed a hippogriff
   770 | D        | Noticed a hippogriff
   775 | D        | Killed a hippogriff
   775 | D        | Reached **** piety under Okawaru
   775 | D        | Reached XP level 9. HP: 92/94 MP: 8/11
   778 | D        | Received a gift from Okawaru
   782 | D        | Noticed a spiny frog
   786 | D        | Reached skill level 5 in Invocations
   791 | D        | Killed a black mamba
   803 | D        | Killed a spiny frog
   910 | D        | Noticed a death yak
   910 | D        | Noticed a spiny frog
   914 | D        | Noticed a komodo dragon
   915 | D        | Killed a spiny frog
   928 | D        | Killed a death yak
   928 | D        | Received a gift from Okawaru
   928 | D        | Reached XP level 10. HP: 99/106 MP: 11/13
   929 | D        | Reached ***** piety under Okawaru
  1097 | D        | Noticed a death yak
  1097 | D        | Noticed a catoblepas
  1103 | D        | Noticed a death yak
  1105 | D        | Noticed a death yak
  1145 | D        | Killed a catoblepas
  1145 | D        | Received a gift from Okawaru
  1163 | D        | Killed a death yak
  1175 | D        | Killed a death yak
  1184 | D        | Killed a death yak
  1184 | D        | Reached XP level 11. HP: 10/117 MP: 12/15
  1186 | D        | HP: 1/117 [yak (10)]
  1191 | D        | Received a gift from Okawaru
  1815 | D        | Noticed an orc sorcerer
  1820 | D        | Killed an orc sorcerer
  1822 | D        | Noticed an orc sorcerer
  1832 | D        | Killed an orc sorcerer
  1832 | D        | Received a gift from Okawaru
  1910 | D        | Found Biduufamp's Assorted Antiques.
  1910 | D        | Noticed a deep troll
  1910 | D        | Noticed an ogre mage
  1913 | D        | Killed an ogre mage
  1914 | D        | Found Zasif's Distillery.
  1927 | D        | Killed a deep troll
  1939 | D        | Found Lutanome's Antique Armour Boutique.
  1957 | D        | Found Rungiutwo's Armour Shop.
  1962 | D        | Received a gift from Okawaru
  1963 | D        | Noticed an iron troll
  1984 | D        | Killed an iron troll
  1985 | D        | Noticed a stone giant
  1999 | D        | HP: 3/122 [stone giant (19)]
  2004 | D        | Killed a stone giant
  2067 | D        | Bought a potion of curing for 57 gold pieces
  2067 | D        | Bought a short brass wand for 76 gold pieces
  2067 | D        | Bought a scroll labeled UTIZ AMAZI for 19 gold pieces
  2069 | D        | Bought 2 potions of mutation for 208 gold pieces
  2069 | D        | Bought a potion of curing for 39 gold pieces
  2069 | D        | Bought a potion of agility for 52 gold pieces
  2069 | D        | Bought a potion of haste for 130 gold pieces
  2069 | D        | Bought a potion of curing for 39 gold pieces
  2069 | D        | Bought a potion of might for 52 gold pieces
  2071 | D        | Bought a runed hat for 189 gold pieces
  2073 | D        | Bought a scarf of spirit shield for 126 gold pieces
  2341 | D        | Lost mutation: Your muscles are strong. (Str +2) [potion of
                  | mutation]
  2341 | D        | Lost mutation: You are robust. (+10% HP) [potion of
                  | mutation]
  2341 | D        | Gained mutation: You tend to lose your temper in combat.
                  | [potion of mutation]
  2341 | D        | Gained mutation: You are resistant to hostile enchantments.
                  | (MR+) [potion of mutation]
  2341 | D        | Gained mutation: You are resistant to electric shocks.
                  | (rElec) [potion of mutation]
  2342 | D        | Lost mutation: You tend to lose your temper in combat.
                  | [potion of mutation]
  2342 | D        | Lost mutation: You are resistant to hostile enchantments.
                  | (MR+) [potion of mutation]
  2342 | D        | Gained mutation: Your body sometimes deteriorates upon
                  | taking damage. [potion of mutation]
  2342 | D        | Gained mutation: Your mind is acute. (Int +2) [potion of
                  | mutation]
  2342 | D        | Gained mutation: You are agile. (Dex +2) [potion of
                  | mutation]
  2367 | D        | Noticed Eustachio
  2377 | D        | Killed Eustachio
  2499 | D        | Lost mutation: Your body sometimes deteriorates upon taking
                  | damage. [potion of mutation]
  2499 | D        | Lost mutation: You are agile. (Dex +2) [potion of mutation]
  2499 | D        | Lost mutation: Your mind is acute. (Int +2) [potion of
                  | mutation]
  2499 | D        | Gained mutation: Your system is resistant to poisons.
                  | (rPois) [potion of mutation]
  2499 | D        | Gained mutation: Your spells are a little harder to cast,
                  | but a little more powerful. [potion of mutation]
  2554 | D        | Noticed a wolf spider
  2554 | D        | Noticed a tengu warrior
  2575 | D        | Killed a tengu warrior
  2575 | D        | Reached skill level 15 in Fighting
  2575 | D        | Reached skill level 15 in Armour
  2575 | D        | Reached skill level 10 in Dodging
  2575 | D        | Reached skill level 15 in Shields
  2575 | D        | Reached XP level 12. HP: 119/119 MP: 9/17
  2578 | D        | Noticed a deep troll earth mage
  2581 | D        | Noticed a white very ugly thing
  2586 | D        | Noticed a frost giant
  2590 | D        | Noticed an ogre mage
  2595 | D        | Noticed a frost giant
  2611 | D        | Killed an ogre mage
  2611 | D        | Reached skill level 15 in Long Blades
  2612 | D        | Killed a deep troll earth mage
  2613 | D        | Killed a frost giant
  2613 | D        | Killed a frost giant
  2620 | D        | Killed a white very ugly thing
  2620 | D        | Reached skill level 10 in Throwing
  2781 | D        | Noticed a five-headed hydra
  2781 | D        | Noticed a six-headed hydra
  2787 | D        | Noticed a ghost crab
  2789 | D        | Killed a six-headed hydra
  2789 | D        | Received a gift from Okawaru
  2790 | D        | Killed a five-headed hydra
  2791 | D        | Killed a ghost crab
  2791 | D        | Reached ****** piety under Okawaru
  2930 | D        | Noticed a spark wasp
  2936 | D        | Noticed an entropy weaver
  2938 | D        | Received a gift from Okawaru
  2953 | D        | Killed an entropy weaver
  2953 | D        | Reached XP level 13. HP: 126/130 MP: 12/19
  2973 | D        | Killed a spark wasp
  2973 | D        | Received a gift from Okawaru
  3002 | D        | Noticed a merfolk impaler
  3002 | D        | Noticed a merfolk impaler
  3007 | D        | Killed a merfolk impaler
  3007 | D        | Reached skill level 10 in Invocations
  3014 | D        | Killed a merfolk impaler
  3014 | D        | Received a gift from Okawaru
  3051 | D        | Reached skill level 10 in Stealth
  3154 | D        | Received a gift from Okawaru
  3160 | D        | Received a gift from Okawaru
  3233 | D        | Noticed Nergalle
  3259 | D        | Killed Nergalle
  3323 | D        | Noticed a fire dragon
  3323 | D        | Noticed a cyan very ugly thing
  3323 | D        | Noticed a stone giant
  3323 | D        | Noticed a frost giant
  3331 | D        | Noticed a stone giant
  3332 | D        | Killed a frost giant
  3333 | D        | Noticed a fire giant
  3333 | D        | Noticed a spark wasp
  3335 | D        | Killed a cyan very ugly thing
  3335 | D        | Killed a fire dragon
  3335 | D        | Received a gift from Okawaru
  3335 | D        | Killed a stone giant
  3336 | D        | Killed a stone giant
  3339 | D        | Noticed a tengu reaver
  3352 | D        | Killed a fire giant
  3362 | D        | Killed a spark wasp
  3367 | D        | Noticed a frost giant
  3385 | D        | Killed a tengu reaver
  3385 | D        | Reached XP level 14. HP: 51/144 MP: 6/21
  3416 | D        | Killed a frost giant
  3419 | D        | Noticed a stone giant
  3438 | D        | Got a pair of pitted gloves {god gift}
  3455 | D        | Killed a stone giant
  3478 | D        | Identified the -7 pair of gloves of Wrong Decisions {+Inv
                  | rC- MP+9} (Okawaru gifted it to you in the Dungeon)
  3745 | D        | Noticed an ironheart preserver
  3746 | D        | Received a gift from Okawaru
  3752 | D        | Killed an ironheart preserver
  3752 | D        | Received a gift from Okawaru
  3753 | D        | Noticed an ironheart preserver
  3759 | D        | Noticed an ironheart preserver
  3760 | D        | Noticed a storm dragon
  3771 | D        | Killed an ironheart preserver
  3779 | D        | Noticed a vault warden
  3798 | D        | Noticed a stone giant
  3799 | D        | Killed an ironheart preserver
  3813 | D        | Killed a storm dragon
  3813 | D        | Received a gift from Okawaru
  3837 | D        | Killed a vault warden
  3860 | D        | Killed a stone giant
  3860 | D        | Received a gift from Okawaru
  4136 | D        | Noticed Margery
  4144 | D        | Noticed Jory
  4146 | D        | Received a gift from Okawaru
  4163 | D        | Killed Margery
  4170 | D        | Killed Jory
  4170 | D        | Reached XP level 15. HP: 105/156 MP: 12/23
  4365 | D        | Lost mutation: Your system is resistant to poisons. (rPois)
                  | [potion of mutation]
  4365 | D        | Gained mutation: You are frail. (-10% HP) [potion of
                  | mutation]
  4365 | D        | Gained mutation: Your magical capacity is low. (-10% MP)
                  | [potion of mutation]
  4365 | D        | Gained mutation: You are partially covered in rugged brown
                  | scales. (AC +1, +3% HP) [potion of mutation]
  4552 | D        | Noticed Frederick
  4563 | D        | Killed Frederick
  4590 | D        | Noticed a nagaraja
  4590 | D        | Noticed a nagaraja
  4590 | D        | Noticed a nagaraja
  4591 | D        | Noticed a nagaraja
  4595 | D        | Killed a nagaraja
  4595 | D        | Received a gift from Okawaru
  4597 | D        | Killed a nagaraja
  4598 | D        | Killed a nagaraja
  4598 | D        | Received a gift from Okawaru
  4599 | D        | Killed a nagaraja
  4603 | D        | Noticed a nagaraja
  4606 | D        | Noticed a nagaraja
  4617 | D        | Killed a nagaraja
  4632 | D        | Killed a nagaraja
  4648 | D        | Got a serpentine rune of Zot
  4668 | D        | Identified a +2 pair of boots of running (Okawaru gifted it
                  | to you in the Dungeon)
  4825 | D        | Noticed Ilsuiw
  4844 | D        | Killed Ilsuiw
  4857 | D        | Reached skill level 15 in Dodging
  4905 | D        | Got a barnacled rune of Zot
  5022 | D        | Received a gift from Okawaru
  5029 | D        | Received a gift from Okawaru
  5052 | D        | Received a gift from Okawaru
  5066 | D        | Got a decaying rune of Zot
  5529 | D        | Killed a ghost moth
  5554 | D        | Killed a ghost moth
  5554 | D        | Reached XP level 16. HP: 147/158 MP: 0/22
  5640 | D        | Got a gossamer rune of Zot
  5954 | D        | Received a gift from Okawaru
  5956 | D        | Reached skill level 15 in Throwing
  5981 | D        | Received a gift from Okawaru
  5984 | D        | Received a gift from Okawaru
  5994 | D        | Received a gift from Okawaru
  6011 | D        | Received a gift from Okawaru
  6041 | D        | Reached skill level 15 in Invocations
  6157 | D        | Received a gift from Okawaru
  6168 | D        | Noticed a shadow dragon
  6173 | D        | Noticed a shadow dragon
  6177 | D        | Killed a shadow dragon
  6177 | D        | Killed a shadow dragon
  6187 | D        | Received a gift from Okawaru
  6245 | D        | Got a pitted long sword {god gift}
  6246 | D        | Identified the +7 long sword of Bankruptcy {drain, Str+9
                  | Int-2 Dex+3 Stlth+} (Okawaru gifted it to you in the
                  | Dungeon)
  6267 | D        | Noticed a shadow dragon
  6267 | D        | Noticed a titan
  6267 | D        | Noticed a titan
  6267 | D        | Noticed a shadow dragon
  6272 | D        | Killed a titan
  6274 | D        | Killed a titan
  6276 | D        | Killed a shadow dragon
  6276 | D        | Noticed a tentacled monstrosity
  6278 | D        | Noticed a shadow dragon
  6280 | D        | Killed a shadow dragon
  6283 | D        | Killed a tentacled monstrosity
  6283 | D        | Reached skill level 15 in Stealth
  6283 | D        | Reached XP level 17. HP: 159/170 MP: 16/24
  6299 | D        | Got a silver rune of Zot
  6390 | D        | Noticed Boris
  7546 | D        | Fell from the grace of Okawaru
  7546 | D        | Became a worshipper of the Shining One
  8720 | D        | Killed Boris
  8768 | D        | Got the ring "Keuzis" {rElec rC+ MR+ Stlth+}
  8770 | D        | Got the ring of Reboasu {rElec rN+ MP+9 Dex+3}
  8772 | D        | Got the ring of Fedhas's Esteem {rPois rF+ rN+}
  8774 | D        | Got the amulet "Ychinod" {Faith rPois rF+++ MP-9 Dex+7}
  8776 | D        | Got the ring of Acsahogg {-Tele *Corrode EV+3 SInv Stlth+}
  8795 | D        | Lost mutation: Your spells are a little harder to cast, but
                  | a little more powerful. [potion of mutation]
  8795 | D        | Lost mutation: Your magical capacity is low. (-10% MP)
                  | [potion of mutation]
  8795 | D        | Lost mutation: You are frail. (-10% HP) [potion of
                  | mutation]
  8795 | D        | Gained mutation: You are clumsy. (Dex -2) [potion of
                  | mutation]
  8795 | D        | Gained mutation: You are dopey. (Int -2) [potion of
                  | mutation]
  8795 | D        | Gained mutation: You are somewhat resistant to further
                  | mutation. [potion of mutation]
  8831 | D        | Lost mutation: You are clumsy. (Dex -2) [potion of
                  | mutation]
  8831 | D        | Lost mutation: You are dopey. (Int -2) [potion of mutation]
  8831 | D        | Lost mutation: You are somewhat resistant to further
                  | mutation. [potion of mutation]
  8831 | D        | Lost mutation: You are resistant to electric shocks.
                  | (rElec) [potion of mutation]
  8831 | D        | Gained mutation: You possess an exceptional clarity of
                  | mind. [potion of mutation]
  8831 | D        | Gained mutation: You expend magic power (3 MP) to
                  | strengthen your wands. [potion of mutation]
  8831 | D        | Gained mutation: You are mostly covered in rugged brown
                  | scales. (AC +2, +5% HP) [potion of mutation]
  8876 | D        | Noticed Mennas
  8913 | D        | Killed Mennas
  8997 | D        | Reached * piety under the Shining One
  8997 | D        | Noticed a caustic shrike
  8997 | D        | Reached ** piety under the Shining One
  9005 | D        | Reached *** piety under the Shining One
  9011 | D        | Killed a caustic shrike
  9187 | D        | Reached **** piety under the Shining One
  9196 | D        | Noticed a golden dragon
  9196 | D        | Reached ***** piety under the Shining One
  9202 | D        | Killed a golden dragon
  9350 | D        | Noticed a titan
  9368 | D        | Killed a titan
  9409 | D        | Noticed a quicksilver dragon
  9417 | D        | Killed a quicksilver dragon
  9485 | D        | Reached ****** piety under the Shining One
  9489 | D        | Noticed a quicksilver dragon
  9499 | D        | Killed a quicksilver dragon
  9682 | D        | Reached skill level 1 in Evocations
  9682 | D        | Reached XP level 18. HP: 208/208 MP: 25/29
  9683 | D        | Reached skill level 27 in Fighting
  9683 | D        | Reached skill level 27 in Shields
  9684 | D        | Reached skill level 27 in Armour
  9684 | D        | Reached skill level 27 in Long Blades
  9749 | D        | Noticed a tentacled monstrosity
  9749 | D        | Noticed a tentacled monstrosity
  9750 | D        | Noticed a tentacled monstrosity
  9755 | D        | Reached skill level 5 in Evocations
  9756 | D        | Killed a tentacled monstrosity
  9762 | D        | Killed a tentacled monstrosity
  9765 | D        | Killed a tentacled monstrosity
  9908 | D        | Identified a +4 eudemon blade of holy wrath (a +2 demon
                  | blade of flaming blessed by the Shining One)
  9908 | D        | Received a gift from the Shining One
  9921 | D        | Noticed an Orb Guardian
  9921 | D        | Noticed an Orb Guardian
  9921 | D        | Noticed an Orb Guardian
  9921 | D        | Noticed an Orb Guardian
  9921 | D        | Noticed an Orb Guardian
  9921 | D        | Noticed an Orb Guardian
  9923 | D        | Killed an Orb Guardian
  9923 | D        | Killed an Orb Guardian
  9924 | D        | Noticed an Orb Guardian
  9925 | D        | Killed an Orb Guardian
  9925 | D        | Noticed an Orb Guardian
  9928 | D        | Killed an Orb Guardian
  9928 | D        | Killed an Orb Guardian
  9928 | D        | Reached skill level 10 in Evocations
  9928 | D        | Killed an Orb Guardian
  9928 | D        | Killed an Orb Guardian
  9929 | D        | Noticed an Orb Guardian
  9932 | D        | Killed an Orb Guardian
  9939 | D        | Killed an Orb Guardian
  9940 | D        | Noticed an Orb Guardian
  9946 | D        | Killed an Orb Guardian
  9994 | D        | Noticed an Orb Guardian
  9994 | D        | Noticed an Orb Guardian
  9995 | D        | Noticed an Orb Guardian
  9997 | D        | Noticed an Orb Guardian
  9998 | D        | Killed an Orb Guardian
  9999 | D        | Killed an Orb Guardian
 10002 | D        | Killed an Orb Guardian
 10006 | D        | Killed an Orb Guardian
 10023 | D        | Noticed an ancient lich
 10024 | D        | Killed an ancient lich
 10032 | D        | Noticed an orb of fire
 10041 | D        | Killed an orb of fire
 10041 | D        | Reached XP level 19. HP: 212/217 MP: 30/30
 10044 | D        | Noticed an electric golem
 10051 | D        | Killed an electric golem
 10054 | D        | Noticed an orb of fire
 10054 | D        | Noticed an electric golem
 10054 | D        | Noticed an electric golem
 10059 | D        | Killed an orb of fire
 10059 | D        | Reached skill level 15 in Evocations
 10062 | D        | Noticed an orb of fire
 10063 | D        | Killed an electric golem
 10063 | D        | Killed an orb of fire
 10065 | D        | Killed an electric golem
 10069 | D        | Noticed an orb of fire
 10076 | D        | Noticed an electric golem
 10084 | D        | Killed an orb of fire
 10093 | D        | Noticed an orb of fire
 10102 | D        | Gained mutation: You are somewhat resistant to further
                  | mutation. [an orb of fire]
 10104 | D        | Killed an orb of fire
 10110 | D        | Killed an electric golem
 10208 | D        | Reached skill level 27 in Dodging
 10316 | D        | Noticed an ancient lich
 10316 | D        | Noticed an ancient lich
 10316 | D        | Noticed an ancient lich
 10318 | D        | Killed an ancient lich
 10318 | D        | Reached XP level 20. HP: 226/226 MP: 32/32
 10320 | D        | Noticed an ancient lich
 10327 | D        | Killed an ancient lich
 10328 | D        | Killed an ancient lich
 10332 | D        | Killed an ancient lich
 10332 | D        | Reached skill level 27 in Throwing
 10476 | D        | Reached skill level 27 in Stealth
 10483 | D        | Got an elven rune of Zot
 10634 | D        | Noticed the Royal Jelly
 10646 | D        | Killed the Royal Jelly
 10646 | D        | Reached skill level 27 in Evocations
 10646 | D        | Reached skill level 5 in Spellcasting
 10660 | D        | Reached XP level 21. HP: 193/235 MP: 32/37
 10681 | D        | Got a slimy rune of Zot
 10857 | D        | Reached skill level 10 in Spellcasting
 11289 | D        | Noticed a greater mummy
 11289 | D        | Noticed a greater mummy
 11289 | D        | Noticed a greater mummy
 11289 | D        | Noticed a greater mummy
 11294 | D        | Killed a greater mummy
 11297 | D        | Killed a greater mummy
 11300 | D        | Killed a greater mummy
 11307 | D        | Killed a greater mummy
 11334 | D        | Got a golden rune of Zot
 11436 | D        | Reached skill level 15 in Spellcasting
 11451 | D        | Got an abyssal rune of Zot
 11683 | D        | Noticed Geryon
 11692 | D        | Killed Geryon
 13552 | D        | Got the Collected Works on Congealing Evil Arts
 13558 | D        | Learned a level 4 spell: Throw Icicle
 13631 | D        | Was forgiven by Okawaru
 15360 | D        | Noticed Lom Lobon
 15360 | D        | Noticed Ereshkigal
 15360 | D        | Noticed Dispater
 15500 | D        | Killed Ereshkigal
 16035 | D        | Killed Lom Lobon
 16202 | D        | Noticed Mnoleg
 16231 | D        | Killed Mnoleg
 16300 | D        | Killed Dispater
 16380 | D        | Noticed Antaeus
 16404 | D        | Killed Antaeus
 16441 | D        | Noticed Gloorx Vloq
 16665 | D        | Noticed Asmodeus
 16694 | D        | Killed Asmodeus
 16694 | D        | Reached skill level 10 in Conjurations
 16694 | D        | Reached skill level 10 in Ice Magic
 16694 | D        | Reached XP level 22. HP: 161/244 MP: 10/44
 16924 | D        | Got a bone rune of Zot
 16928 | D        | Got a magical rune of Zot
 16948 | D        | Killed Gloorx Vloq
 17122 | D        | Noticed Cerebov
 17316 | D        | Killed Cerebov
 17488 | D        | Got an iron rune of Zot
 17492 | D        | Got a dark rune of Zot
 17496 | D        | Got an icy rune of Zot
 17500 | D        | Got a glowing rune of Zot
 17504 | D        | Got an obsidian rune of Zot
 17508 | D        | Got a fiery rune of Zot
 17922 | D        | Got the Orb of Zot
 18070 | D        | Noticed Wecab the pandemonium lord
 18088 | D        | Killed Wecab the pandemonium lord
 18416 | D        | Noticed Vukipr Ozeupt the pandemonium lord
 18432 | D        | Killed Vukipr Ozeupt the pandemonium lord
 18609 | D        | Noticed Wiawuq the pandemonium lord
 18620 | D        | Killed Wiawuq the pandemonium lord
 18815 | D        | Noticed Immeboz the pandemonium lord
 18831 | D        | Killed Immeboz the pandemonium lord
 18960 | D        | Reached skill level 15 in Conjurations
 18960 | D        | Reached skill level 15 in Ice Magic
 19129 | D        | Noticed Rinoeh the pandemonium lord
 19148 | D        | Killed Rinoeh the pandemonium lord
 19359 | D        | Noticed Puschuun the pandemonium lord
 19367 | D        | Killed Puschuun the pandemonium lord
 19429 | D        | Paralysed by you for 2 turns
 19608 | D        | Noticed Jygyschel the pandemonium lord
 19618 | D        | Killed Jygyschel the pandemonium lord
 19618 | D        | Reached XP level 23. HP: 245/252 MP: 41/50
 19776 | D        | Noticed an ancient lich
 19785 | D        | Killed an ancient lich
 19889 | D        | Noticed Ygufedd the pandemonium lord
 19904 | D        | Killed Ygufedd the pandemonium lord
 19938 | D        | Escaped with the Orb!

Vault maps used:
D:        linesprint

Skill      XL: |  1  2  3  4  5  6  7  8  9 10 11 12 13 14 15 16 17 18 19 20 21 22 23 |
---------------+----------------------------------------------------------------------+-----
Armour         | 4 5 6 7 8 9 10 12 13 15 16 18 20 22 24 26 27 | 27.0
Fighting       | 4 5 6 7 8 9 10 12 13 15 16 18 20 22 24 26 27 | 27.0
Long Blades    | 4 5 6 8 9 10 11 13 14 16 18 20 22 24 26 27 | 27.0
Shields        | 4 5 6 7 8 9 10 12 13 15 16 18 20 22 24 26 27 | 27.0
Throwing       | 1 2 3 4 5 7 8 9 10 11 13 14 16 17 22 25 27 | 27.0
Dodging        | 1 2 3 4 5 6 7 8 10 11 12 14 15 17 19 23 27 | 27.0
Stealth        | 1 2 3 4 5 6 7 8 9 10 12 13 15 16 20 24 27 | 27.0
Invocations    | 1 2 3 4 5 7 8 9 11 12 14 15 17 19 25 | 25.3
Evocations     | 1 14 19 27 | 27.0
Spellcasting   | 7 19 24 26 | 26.0
Conjurations   | 10 17 18 | 18.4
Ice Magic      | 10 17 18 | 18.4

Action                   |  1- 3 |  4- 6 |  7- 9 | 10-12 | 13-15 | 16-18 | 19-21 | 22-24 || total
-------------------------+-------+-------+-------+-------+-------+-------+-------+-------++-------
Melee: Long sword        |    35 |     6 |       |       |       |    13 |       |       ||    54
       Headbutt          |     4 |     4 |    24 |    64 |   137 |    89 |   150 |   120 ||   592
       Scimitar          |       |    22 |    88 |   236 |    65 |       |       |       ||   411
       Falchion          |       |       |       |       |   249 |    55 |       |       ||   304
       Demon blade       |       |       |       |       |   149 |   118 |       |       ||   267
       Eudemon blade     |       |       |       |       |       |    96 |   411 |   363 ||   870
Throw: Tomahawk          |       |       |       |     4 |    18 |       |       |       ||    22
       Javelin           |       |       |       |    33 |    70 |   122 |   107 |    12 ||   344
Invok: Heroism           |       |       |     3 |    10 |    11 |     3 |       |       ||    27
       Finesse           |       |       |       |     6 |    12 |     3 |       |       ||    21
       Divine Shield     |       |       |       |       |       |     9 |    17 |     3 ||    29
       Brand Weapon With |       |       |       |       |       |     1 |       |       ||     1
       Summon Divine War |       |       |       |       |       |       |     5 |     1 ||     6
       Cleansing Flame   |       |       |       |       |       |       |     3 |       ||     3
  Use: Potion            |       |       |     4 |    11 |     9 |     6 |     7 |    11 ||    48
       Scroll            |       |       |       |     1 |     1 |    13 |     1 |     7 ||    23
 Stab: Petrified         |       |       |       |     6 |       |       |       |       ||     6
       Sleeping          |       |       |       |     1 |     1 |       |       |       ||     2
       Distracted        |       |       |       |       |     2 |       |       |       ||     2
  Eat: Chunk             |       |       |       |     5 |     5 |     5 |     4 |     2 ||    21
       Ration            |       |       |       |     1 |     1 |     2 |     5 |     2 ||    11
Armor: Scale mail        |    18 |       |       |       |       |       |       |       ||    18
       Chain mail        |       |    11 |    11 |    31 |       |       |       |       ||    53
       Plate armour      |       |       |       |    15 |    31 |    39 |       |       ||    85
       Shadow dragon sca |       |       |       |    16 |    18 |       |       |       ||    34
       Gold dragon scale |       |       |       |       |       |    18 |    46 |    37 ||   101
Dodge: Dodged            |     9 |     7 |    24 |    45 |    55 |    61 |    78 |    56 ||   335
Block: Shield            |    10 |    19 |    47 |    60 |       |       |       |       ||   136
       Large shield      |       |       |       |    36 |   205 |   243 |   384 |   230 ||  1098
       Rpst.: Long sword |     2 |     1 |       |       |       |       |       |       ||     3
       Scimitar          |       |     2 |     3 |     8 |     2 |       |       |       ||    15
       Falchion          |       |       |       |       |     4 |     1 |       |       ||     5
       Demon blade       |       |       |       |       |     3 |     2 |       |       ||     5
       Eudemon blade     |       |       |       |       |       |     4 |     7 |     9 ||    20

Table legend:
 A = Non-vault XP
 B = Vault XP
 C = Vault XP percentage of total XP
 D = Non-vault monster count
 E = Vault monster count
 F = Vault count percentage of total count
                 A         B        C        D         E       F
            +---------+---------+-------+---------+---------+-------
      Total |    2241 |  753736 |  99.7 |       3 |     509 |  99.4
            +---------+---------+-------+---------+---------+-------
          D |    2241 |  753736 |  99.7 |       3 |     509 |  99.4
            +---------+---------+-------+---------+---------+-------
